 Dungeon Crawl Stone Soup version 0.30-a0-377-g5cb311bc9f (webtiles) character file.

Game seed: 8677730840897551310

2250 qeuew the Fighter (level 9, -1/74 HPs)
             Began as a Formicid Fighter on Nov 28, 2022.
             Was a Believer of Okawaru.
             Slain by Pikel
             ... wielding a +2 whip of freezing
              (5 damage)
             ... on level 6 of the Dungeon.
             The game lasted 00:08:13 (5571 turns).

qeuew the Fighter (Formicid Fighter)                Turns: 5571, Time: 00:08:14

Health: -1/74      AC:  3    Str: 25    XL:     9   Next: 64%
Magic:  11/11      EV: 13    Int:  8    God:    Okawaru [**....]
Gold:   327        SH:  0    Dex: 19    Spells: 8/8 levels left

rFire   . . .      SeeInvis +    a - +0 war axe (drain)
rCold   + . .      Faith    .    c - +0 buckler
rNeg    . . .      Spirit   .    n - +1 ring mail "Xideabej" {*Corrode +Inv Will++ SInv}
rPois   .          Reflect  .    (helmet unavailable)
rElec   .          Harm     .    (no cloak)
rCorr   .          Rampage  .    (no gloves)
Will    +++..                    (no boots)
Stlth   ..........               (no amulet)
HPRegen 0.32/turn                l - ring of protection from cold
MPRegen 0.12/turn                b - +6 ring of dexterity

@: confused, ambrosia-drunk, corroded
A: permanent stasis, dig shafts and tunnels, antennae 3, four strong arms,
strong-willed 1, MP-powered wands
a: Dig, Shaft Self, Renounce Religion, Evoke Invisibility, Heroism


You were on level 6 of the Dungeon.
You worshipped Okawaru.
Okawaru was pleased with you.
You visited 1 branch of the dungeon, and saw 6 of its levels.
You also visited: Sewer.

You collected 327 gold pieces.

Inventory:

Hand Weapons
 a - a +0 war axe of draining (weapon)
Missiles
 i - 3 throwing nets
Armour
 c - a +0 buckler (worn)
 n - the +1 ring mail "Xideabej" (worn) {*Corrode +Inv Will++ SInv}
   (You found it on level 3 of the Dungeon)

   SInv:      It lets you see invisible.
   +Inv:      It lets you turn invisible.
   *Corrode:  It may corrode you when you take damage.
   Will:      It greatly increases your willpower.
Jewellery
 b - a +6 ring of dexterity (right hand)
 l - a ring of protection from cold (left hand)
 p - a ring of positive energy
 u - a ring of protection from fire
Wands
 o - a wand of digging (2)
Scrolls
 f - a scroll of amnesia
Potions
 d - 2 potions of might
 e - 2 potions of flight
 g - 4 potions of curing
 j - 4 potions of brilliance
 k - a potion of cancellation
 m - a potion of magic
 r - a potion of invisibility
 v - 2 potions of mutation


   Skills:
 * Level 8.1 Fighting
 + Level 4.8 Axes
 + Level 6.0 Armour
 + Level 3.9 Dodging
 + Level 7.2 Shields
 + Level 3.4 Invocations
 + Level 3.0 Evocations


You had 8 spell levels left.
You didn't know any spells.
Your spell library contained the following spells:

 Spells                   Type           Power      Damage    Failure   Level
 Magic Dart               Conj           0%         1d3       58%         1
 Sublimation of Blood     Necr           0%         N/A       75%         2
 Frozen Ramparts          Ice            0%         1d1       92%         3
 Ignite Poison            Fire/Tmut/Pois 0%         N/A       92%         3
 Kindle Blastsparks       Fire/Tloc/Air  0%         2d10      92%         3
 Mephitic Cloud           Conj/Pois/Air  0%         N/A       92%         3
 Portal Projectile        Hex/Tloc       0%         N/A       92%         3
 Ice Form                 Ice/Tmut       0%         N/A       100%        4
 Petrify                  Tmut/Erth      0%         N/A       100%        4
 Blade Hands              Tmut           0%         N/A       100%        5
 Freezing Cloud           Conj/Ice/Air   0%         6-21      100%        5
 Irradiate                Conj/Tmut      0%         3d11      100%        5
 Call Imp                 Summ           Unusable   N/A       N/A         2
 Tukima's Dance           Hex            Unusable   N/A       N/A         3
 Summon Ice Beast         Ice/Summ       Unusable   N/A       N/A         4

Dungeon Overview and Level Annotations

Branches:
Dungeon (6/15)             Temple (0/1) D:4           Sewer (visited)

Altars:
Cheibriados
Dithmenos
Elyvilon
Gozag
Hepliaklqana
Okawaru
Qazlal
Uskayaw
Xom
Zin
The Shining One

Annotations:
D:6 Pikel


Innate Abilities, Weirdness & Mutations

You cannot be hasted, slowed, berserked, paralysed or teleported.
You can dig through walls and to a lower floor.
You have a pair of large antennae on your head. (SInv)
Your four strong arms can wield two-handed weapons with a shield.
You are strong-willed. (Will+)
You expend magic power (3 MP) to strengthen your wands.


Message History

You slash Pikel!
Pikel is moderately wounded.
Pikel hits you with a +2 whip of freezing! x2
Pikel freezes you.
* * * LOW HITPOINT WARNING * * *
You hit Pikel. You drain Pikel.
Pikel is severely wounded.
Pikel closely misses you.
You hit Pikel. You drain Pikel.
Pikel is almost dead.
Pikel drinks a potion.
Pikel is healed!
You slash Pikel!
Pikel is severely wounded.
Pikel barely misses you. Pikel misses you.
You closely miss Pikel.
Pikel is severely wounded.
Pikel hits you with a +2 whip of freezing.
* * * LOW HITPOINT WARNING * * *
Pikel freezes you.
* * * LOW HITPOINT WARNING * * *
You hit Pikel but do no damage.
Pikel is severely wounded.
Pikel hits you with a +2 whip of freezing.
* * * LOW HITPOINT WARNING * * *
You hit Pikel. You drain Pikel.
Pikel is almost dead.
Pikel hits you with a +2 whip of freezing!
* * * LOW HITPOINT WARNING * * *
Pikel freezes you.
* * * LOW HITPOINT WARNING * * *
You are confused.
You feel invigorated.
Pikel hits you with a +2 whip of freezing!
* * * LOW HITPOINT WARNING * * *
Pikel freezes you.
* * * LOW HITPOINT WARNING * * *
Unknown command.
You bump into the rock wall.
Pikel hits you with a +2 whip of freezing.
You die...

#.# #. #.# ##
#.# #.# ##
#.# .. #.# .#
#.# { ..##
#.#####5?..##
#....@K5O..'.
#######g...##
...# ..# .# #


You could see Pikel (very drained), an ogre, 2 lemures and a gnoll (very
drained).

Vanquished Creatures
  Maggie (D:6)
  A hornet (D:6)
  Sigmund (D:4)
  2 black bears (D:5)
  An ogre (D:6)
  A phantom (D:5)
  5 kobold brigands (Sewer)
  A gnoll sergeant (D:5)
  A necrophage (D:5)
  2 scorpions
  2 gnoll boudas
  A jelly (D:6)
  2 hounds
  3 iguanas
  26 gnolls
  4 adders
  A river rat (Sewer)
  A white imp (D:6)
  2 ufetubi (D:5)
  2 worms
  4 dart slugs
  10 orcs
  7 ball pythons
  5 bats
  8 endoplasms
  8 giant cockroaches
  7 hobgoblins
  10 jackals
  15 kobolds
  7 quokkas
  9 frilled lizards
  4 goblins
  12 rats
166 creatures vanquished.

Vanquished Creatures (others)
  5 plants (D:3)
5 creatures vanquished.

Grand Total: 171 creatures vanquished

Notes
Turn   | Place    | Note
-------+----------+-------------------------------------------
     0 | D:1      | qeuew the Formicid Fighter began the quest for the Orb.
     0 | D:1      | Reached XP level 1. HP: 18/18 MP: 1/1
    95 | D:1      | Reached XP level 2. HP: 24/24 MP: 2/2
   434 | D:1      | Reached XP level 3. HP: 30/30 MP: 3/3
   591 | D:1      | Gained mutation: You are strong-willed. (Will+) [potion of
                  | mutation]
   591 | D:1      | Gained mutation: You expend magic power (3 MP) to
                  | strengthen your wands. [potion of mutation]
   665 | D:2      | Found a shimmering altar of Xom.
   718 | D:2      | Reached skill level 4 in Fighting
   759 | D:2      | Reached XP level 4. HP: 37/37 MP: 4/4
   992 | D:2      | Reached skill level 1 in Dodging
  1466 | D:3      | Found a glowing drain.
  1491 | Sewer    | Entered a sewer
  1586 | Sewer    | Reached XP level 5. HP: 38/41 MP: 5/5
  1644 | Sewer    | Noticed a kobold brigand
  1656 | Sewer    | Killed a kobold brigand
  1809 | Sewer    | Noticed a kobold brigand
  1822 | Sewer    | Killed a kobold brigand
  1823 | Sewer    | Reached skill level 5 in Fighting
  1823 | Sewer    | Reached skill level 5 in Shields
  1823 | Sewer    | Reached XP level 6. HP: 45/51 MP: 6/6
  1964 | Sewer    | Reached XP level 7. HP: 27/56 MP: 7/7
  2759 | D:3      | Identified the +1 ring mail "Xideabej" {*Corrode +Inv
                  | Will++ SInv}
  2783 | D:3      | Found a hazy altar of Hepliaklqana.
  3229 | D:4      | Reached skill level 6 in Fighting
  3299 | D:4      | Found a snail-covered altar of Cheibriados.
  3301 | D:4      | Found a stormy altar of Qazlal.
  3303 | D:4      | Found an opulent altar of Gozag.
  3313 | D:4      | Found an iron altar of Okawaru.
  3313 | D:4      | Found a shimmering altar of Xom.
  3322 | D:4      | Became a worshipper of Warmaster Okawaru
  3343 | D:4      | Found a staircase to the Ecumenical Temple.
  3355 | D:4      | Noticed Sigmund
  3363 | D:4      | Killed Sigmund
  3364 | D:4      | Reached XP level 8. HP: 59/65 MP: 8/8
  3604 | D:4      | Found a glowing silver altar of Zin.
  3716 | D:4      | Reached skill level 5 in Armour
  3860 | D:4      | Found a hide-covered altar of Uskayaw.
  4109 | D:5      | Entered Level 5 of the Dungeon
  4139 | D:5      | Reached skill level 1 in Invocations
  4142 | D:5      | Reached * piety under Okawaru
  4184 | D:5      | Reached skill level 1 in Evocations
  4366 | D:5      | Found a shadowy altar of Dithmenos.
  4376 | D:5      | Reached skill level 7 in Fighting
  4502 | D:5      | Found a glowing golden altar of the Shining One.
  4654 | D:5      | Reached XP level 9. HP: 71/72 MP: 10/10
  4971 | D:5      | Found a white marble altar of Elyvilon.
  5136 | D:6      | Noticed Maggie
  5152 | D:6      | Killed Maggie
  5152 | D:6      | Reached ** piety under Okawaru
  5158 | D:6      | Noticed a hornet
  5165 | D:6      | Killed a hornet
  5342 | D:6      | Reached skill level 8 in Fighting
  5548 | D:6      | Noticed Pikel
  5570 | D:6      | HP: 2/74 [Pikel/+2 whip of freezing (7)]
  5571 | D:6      | Slain by Pikel

Illustrated notes

Levels and vault maps discovered:
D:1:      minmay_arrival_checkered_box, layout_basic, minmay_pentomino_v2
D:2:      layout_loops_ring, basic_altar, supply_closet_lemuel,
          kennysheep_generic_room_8
D:3:      layout_basic, mainiacjoe_overflow_chevrons, portal_sewer_entry_f,
          nicolae_grassy_gnolls
D:4:      layout_basic, zin_scriptorium, mainiacjoe_overflow_24_doors,
          grunt_temple_overflow_open, minmay_temple_entry_statues_pillars,
          chequers_serial_rivers_small_a, kennysheep_donut, hex_intersection,
          uniq_sigmund
D:5:      layout_basic, lemuel_round_altar, mainiacjoe_overflow_tiny_flanked,
          grunt_dithmenos_shadows, st_stairs_8, minmay_misc_feat_encased
D:6:      layout_basic, mainiacjoe_overflow_paths, serial_shops,
          nicolae_shop_behind_doors, st_stairs_10,
          nicolae_elevator_lobby_asterisk, uniq_maggie, uniq_pikel

Skill      XL: |  1  2  3  4  5  6  7  8  9 |
---------------+----------------------------+-----
Fighting       | 4 5 6 7 8 |  8.1
Dodging        | 1 2 3 |  3.9
Armour         | 4 5 6 |  6.0
Shields        | 5 6 7 |  7.2
Axes           | 3 4 |  4.8
Invocations    | 2 3 |  3.4
Evocations     | 1 3 |  3.0

Action                   |  1- 3 |  4- 6 |  7- 9 || total
-------------------------+-------+-------+-------++-------
Melee: War axe           |    97 |   155 |   243 ||   495
Invok: Heroism           |       |       |     1 ||     1
 Abil: Dig               |       |     1 |     2 ||     3
  Use: Scroll            |     4 |     3 |     9 ||    16
       Potion            |     2 |     6 |     4 ||    12
 Stab: Invisible         |       |     3 |       ||     3
Armor: Scale mail        |    52 |    52 |    19 ||   123
       Ring mail         |       |       |    61 ||    61
Dodge: Dodged            |    40 |    60 |   172 ||   272
Block: Buckler           |    32 |    40 |    98 ||   170

Table legend: (Time is in decaauts)
 A = Elapsed time spent in this place.
 B = Non-inter-level travel time spent in this place.
 C = Inter-level travel time spent in this place.
 D = Time resting spent in this place.
 E = Time spent auto-exploring this place.
 F = Levels seen in this place.
 G = Mean time per level.
                   A        B        C        D        E       F      G
               +--------+--------+--------+--------+--------+-----+--------+
         Total |   5897 |   5769 |    128 |     28 |   4456 |   7 |  842.4 |
       Dungeon |   4897 |   4769 |    128 |     28 |   3722 |   6 |  816.2 |
         Sewer |   1000 |   1000 |      0 |      0 |    734 |   1 | 1000.0 |
               +--------+--------+--------+--------+--------+-----+--------+

Top non-repeatable levels by time:
     D:5: 1049 daAuts
   Sewer: 1000 daAuts
     D:3: 965 daAuts
     D:4: 939 daAuts
     D:2: 870 daAuts
     D:1: 626 daAuts
     D:6: 446 daAuts
